 Dungeon Crawl Stone Soup version 0.17-a0-2220-g6fea741 (webtiles) character file.

72 zarick13 the Caller (level 4, -7/30 HPs)
             Began as a Mummy Summoner on Oct 29, 2015.
             Mangled by a gnoll
             ... wielding a +0 spear
              (9 damage)
             ... on level 3 of the Dungeon.
             The game lasted 00:09:05 (2161 turns).

zarick13 the Caller (Mummy Summoner)                Turns: 2161, Time: 00:09:05

Health: -7/30      AC:  3    Str: 11    XL:     4   Next: 6%
Magic:  14/16      EV: 12    Int: 15    God:
Gold:   105        SH:  0    Dex: 12    Spells: 2 memorised, 4 levels left

rFire  x . .     SeeInvis .     (no weapon)
rCold  + . .     Clarity  .     a - +0 robe
rNeg   + + +     SustAt   .     (no shield)
rPois  ∞         Gourm    .     (no helmet)
rElec  .         Spirit   .     g - +0 cloak
rCorr  .         Warding  .     (no gloves)
rMut   .         Stasis   .     (no boots)
MR     .....                    (no amulet)
Stlth  ++........               (no ring)
                                f - ring of magical power

@: not resistant to hostile enchantments, unstealthy
A: no food or potions, fire vulnerability, cold resistance 1, negative energy
resistance 3, torment resistance, unbreathing
a: no special abilities


You were on level 3 of the Dungeon.
You were not hungry.

You visited 1 branch of the dungeon, and saw 4 of its levels.

You collected 105 gold pieces.

Inventory:

Armour
 a - a +0 robe (worn)
 g - a +0 cloak (worn)
Jewellery
 f - a ring of magical power (left hand)
Scrolls
 c - a scroll of enchant weapon
 d - a scroll of amnesia
 e - a scroll of recharging
 h - a scroll of teleportation {unknown}
 i - a scroll of identify
 j - a scroll of fog {unknown}
 k - a scroll of remove curse {unknown}
 l - a scroll of magic mapping {unknown}
Books
 b - a book of Callings

   Spells                             Type                      Level
   a - Summon Small Mammal            Summoning                    1
   b - Call Imp                       Summoning                    2
   c - Call Canine Familiar           Summoning                    3
   d - Summon Guardian Golem          Hexes/Summoning              3
   e - Summon Lightning Spire         Summoning/Air                4
   f - Summon Ice Beast               Ice/Summoning                4


   Skills:
 - Level 1.5 Dodging
 - Level 1.5 Stealth
 - Level 2.0 Spellcasting
 * Level 4.6 Summonings


You had 4 spell levels left.
You knew the following spells:

 Your Spells              Type           Power        Failure   Level  Hunger
a - Summon Small Mammal   Summ           ###.         3%          1    N/A
b - Call Imp              Summ           ###.....     6%          2    N/A

Dungeon Overview and Level Annotations

Branches:
Dungeon (4/15)
 Temple: D:4-7

Altars:
Ashenzari
Dithmenos
Gozag
Makhleb
Trog
Zin


Innate Abilities, Weirdness & Mutations

You do not eat or drink.
Your flesh is vulnerable to fire.
You are immune to poison.
Your flesh is cold resistant.
You are immune to negative energy.
You are immune to unholy pain and torment.
You can survive without breathing.


Message History

The gnoll hits you from afar with a spear!
* * * LOW HITPOINT WARNING * * *
The gnoll hits you but does no damage.
Your crimson imp hits the gnoll.
The gnoll misses you.
Your crimson imp closely misses the gnoll.
Something hits your crimson imp but does no damage.
Your crimson imp disappears in a puff of smoke!
The gnoll hits you but does no damage.
Your crimson imp hits the gnoll but does no damage.
Something hits your crimson imp but does no damage.
The gnoll barely misses you.
Your crimson imp misses the gnoll.
Something hits your crimson imp.
The gnoll hits you from afar with a spear.
* * * LOW HITPOINT WARNING * * *
Your crimson imp blinks!
The gnoll misses you. The gnoll barely misses you.
The gnoll closely misses you.
The gnoll hits you from afar with a spear!
You die...

######.
###....... o
#..._..... .
###....._.#. .
#........... .
#.._..⌠.._.. .
#####((.........
.
#..gg>)._.......
#@###...5._§....
#.# #.[.(...###.
#.# #.......#
#.# #.......+
#.# #.......#
#.# #########
..# ###


You could see 2 gnolls.

Vanquished Creatures
  A giant cockroach (D:1)
  2 goblins
  2 hobgoblins
  3 bats
  3 rats
11 creatures vanquished.

Vanquished Creatures (collateral kills)
  The ghost of ProzacElf the Conjurer, an amateur TeCj (D:3)
  A gnoll (D:3)
  3 orcs (D:3)
  2 ball pythons (D:3)
  3 bats
  2 giant cockroaches
  4 goblins
  7 hobgoblins
  2 giant newts
  5 kobolds
  3 rats
33 creatures vanquished.

Grand Total: 44 creatures vanquished

Notes
Turn   | Place    | Note
--------------------------------------------------------------
     0 | D:1      | zarick13 the Mummy Summoner began the quest for the Orb.
     0 | D:1      | Reached XP level 1. HP: 13/13 MP: 3/3
    79 | D:1      | You fall through a shaft!
   728 | D:1      | Reached XP level 2. HP: 19/19 MP: 5/5
   733 | D:1      | Learned a level 2 spell: Call Imp
  1599 | D:2      | Reached skill level 4 in Summonings
  1716 | D:2      | Found a faded altar to an unknown god.
  1794 | D:3      | Noticed ProzacElf's ghost (amateur TeCj)
  1807 | D:3      | Killed ProzacElf's ghost
  1807 | D:3      | Reached XP level 3. HP: 15/24 MP: 6/6
  1820 | D:3      | Reached XP level 4. HP: 17/30 MP: 5/7
  2119 | D:3      | Found a bloodstained altar of Trog.
  2119 | D:3      | Found a shattered altar of Ashenzari.
  2119 | D:3      | Found a shadowy altar of Dithmenos.
  2119 | D:3      | Found an opulent altar of Gozag.
  2119 | D:3      | Found a burning altar of Makhleb.
  2126 | D:3      | Found a glowing silver altar of Zin.
  2161 | D:3      | Mangled by a gnoll

Vault maps used:
D:1:      onia_arrival_mini_maze, hangedman_decor_points
D:2:      ecumenical_altar_2
D:3:      grunt_temple_overflow_open, minitemple
D:4:      first_bread, nicolae_ashenzari_panopticon

Action                   |  1- 3 |  4- 6 || total
-------------------------+-------+-------++-------
Melee: Unarmed           |    71 |     3 ||    74
 Cast: Summon Small Mamm |    25 |     1 ||    26
       Call Imp          |    17 |     5 ||    22
  Use: Scroll            |     3 |       ||     3
 Stab: Sleeping          |     4 |       ||     4
       Distracted        |     2 |       ||     2
